 Dungeon Crawl Stone Soup version 0.30.1-11-g7821555f0a (webtiles) character file.

Game seed: 7951952264953845712

665 Almira the Twirler (level 8, -4/63 HPs)
             Began as a Meteoran Gladiator on Nov 11, 2023.
             Slain by an ogre
             ... wielding a +0 giant club
              (14 damage)
             ... on level 5 of the Dungeon.
             The game lasted 00:11:59 (2708 turns).

Almira the Twirler (Meteoran Gladiator)             Turns: 2708, Time: 00:12:00

Health: -4/63      AC:  5    Str: 16    XL:     8   Next: 12%
Magic:  11/11      EV: 13    Int: 12    God:
Gold:   244        SH:  0    Dex: 15    Spells: 7/10 levels left

rFire   . . .        a - +1 quarterstaff
rCold   . . .        (shield currently unavailable)
rNeg    . . .        k - +0 troll leather armour {Pargi}
rPois   +            c - +0 helmet
rElec   .            (no cloak)
rCorr   .            (no gloves)
SInv    .            (no boots)
Will    +....        (no amulet)
Stlth   +            s - ring of poison resistance
HPRegen 1.10/turn    (no ring)
MPRegen 0.12/turn

%: no passive effects
@: glowing
A: sense surroundings 1, otherworldly, glowing, explore regen
a: no special abilities


You were on level 5 of the Dungeon.
You visited 1 branch of the dungeon, and saw 5 of its levels.
You also visited: Sewer.

You collected 244 gold pieces.

Inventory:

Hand Weapons
 a - a +1 quarterstaff (weapon)
 m - a +0 arbalest
Missiles
 d - a throwing net
 e - a javelin
 r - 6 atropa-tipped darts
 u - 11 poisoned darts (quivered)
Armour
 b - a +0 leather armour
 c - a +0 helmet (worn)
 k - a +0 troll leather armour (worn) {Pargi}
Jewellery
 g - a ring of flight
 s - a ring of poison resistance (left hand)
Wands
 n - a wand of digging (4)
Scrolls
 f - 2 scrolls of teleportation
 h - a scroll of silence
 i - a scroll of fog
 q - a scroll of poison
 t - a scroll of noise
Potions
 j - a potion of curing
 l - a potion of haste
 o - 2 potions of flight {unknown}
 p - a potion of mutation {unknown}
 v - 2 potions of might


   Skills:
 * Level 3.5 Fighting
 * Level 6.4 Staves
 * Level 1.0 Ranged Weapons
 * Level 3.7 Throwing
 * Level 3.1 Armour
 * Level 4.7 Dodging
 * Level 1.5 Stealth
 * Level 1.9 Spellcasting
 * Level 1.8 Hexes
 * Level 1.2 Evocations


You had 7 spell levels left.
You knew the following spells:

 Your Spells              Type           Power      Damage    Failure   Level
a - Tukima's Dance        Hex            5%         N/A       41%         3

Your spell library contained the following spells:

 Spells                   Type           Power      Damage    Failure   Level
 Portal Projectile        Hex/Tloc       6%         N/A       54%         3
 Blade Hands              Tmut           0%         N/A       100%        5


Dungeon Overview and Level Annotations

Branches:
Dungeon (5/15) Zot: 487     Sewer (visited)
 Temple: D:4-7

Altars:

Shops:
D:5 [


Innate Abilities, Weirdness & Mutations

You passively map a small area around you.
You are easily found by Zot.
You glow in the dark.
You regain HP and MP as you explore.


Message History

You hit the iguana.
The iguana is almost dead.
The iguana barely misses you.
You hit the iguana.
You kill the iguana!
Your Ranged Weapons skill increases to level 1!
You now have 244 gold pieces (gained 15).
An iguana comes into view.
The iguana hisses angrily.
You hear an angry hiss.
The iguana moves out of view.
m - a +0 arbalest (weapon)
Found a scale mail.
A white imp comes into view.
A worm comes into view.
The white imp shouts, "Run away, thou unmuzzled unchin-snouted nert!"
An ogre comes into view. It is wielding a +0 giant club.
The ogre shouts!
Found a scroll labelled NAPATZ MOSUIH.
The iguana attacks as you move away! The iguana closely misses you.
The iguana bites you.
a - a +1 quarterstaff (weapon)
The ogre misses you.
A phantom comes into view.
The iguana barely misses you. The white imp barely misses you.
The iguana completely misses you.
You hit the iguana.
The iguana is lightly wounded.
The white imp hits you but does no damage.
The iguana bites you!
You barely miss the iguana.
The iguana is lightly wounded.
The ogre hits you with a +0 giant club!!
The white imp hits you but does no damage.
The iguana bites you.
You hit the iguana but do no damage.
The iguana is lightly wounded.
The white imp hits you. The white imp freezes you. The iguana bites you!
* * * LOW HITPOINT WARNING * * *
The ogre hits you with a +0 giant club!
You die...

, ......#.... ... , ,
.......#.... ...#* , #
##......#... ... , ..
........#..#####.#
.$#...#..#....#[..W.# , ,
* ......#.......+..w..##,
..#.#.##.#...........####
,
......#...#..#..l5..?.(?#
......#........>@O..#.#.*
..........#.............#
........#####.^.....###..*
......).............# * ,
..........#...#.....# *
'######.......#..#+##
..........#.#.#.....#
..............#.....#
........#.....#.....#


You could see an ogre, a phantom, a worm, an iguana and a white imp.

Vanquished Creatures
  Pargi (Sewer)
  A black bear (D:5)
  2 phantoms
  A howler monkey (D:5)
  2 orc priests
  A jelly (D:4)
  4 iguanas
  A gnoll (D:1)
  3 adders (D:4)
  A worm (D:3)
  2 dart slugs
  8 orcs
  3 ball pythons
  4 endoplasms
  4 giant cockroaches
  7 goblins
  6 hobgoblins
  2 jackals (D:3)
  6 bats
  A frilled lizard (D:1)
  6 kobolds
  3 rats
69 creatures vanquished.

Notes
Turn   | Place    | Note
-------+----------+-------------------------------------------
     0 | D:1      | Almira the Meteoran Gladiator began the quest for the Orb.
     0 | D:1      | Reached XP level 1. HP: 17/17 MP: 2/2
    55 | D:1      | Reached skill level 4 in Staves
    55 | D:1      | Reached XP level 2. HP: 24/24 MP: 3/3
   233 | D:1      | Reached XP level 3. HP: 19/29 MP: 4/4
   429 | D:2      | Found a faded altar of an unknown god.
   867 | D:2      | Reached skill level 1 in Armour
  1147 | D:3      | Reached XP level 4. HP: 36/36 MP: 5/5
  1332 | D:3      | Reached XP level 5. HP: 42/42 MP: 6/6
  1468 | D:3      | Learned a level 3 spell: Tukima's Dance
  1579 | D:3      | You fall into a shaft and drop 1 floor!
  1601 | D:4      | Noticed a phantom
  1639 | D:4      | Killed a phantom
  1640 | D:4      | Reached skill level 5 in Staves
  1640 | D:4      | Reached skill level 1 in Stealth
  1640 | D:4      | Reached XP level 6. HP: 12/50 MP: 7/7
  1703 | D:4      | Found a glowing drain.
  1749 | Sewer    | Entered a sewer
  1775 | Sewer    | Noticed Pargi
  1800 | Sewer    | Killed Pargi
  1801 | Sewer    | Reached skill level 1 in Spellcasting
  1801 | Sewer    | Reached skill level 1 in Hexes
  2107 | D:4      | Reached XP level 7. HP: 39/57 MP: 9/9
  2496 | D:4      | Glimpsed the power of Zot.
  2505 | D:5      | Entered Level 5 of the Dungeon
  2511 | D:5      | Found Zunaneom's Armour Shoppe.
  2536 | D:5      | Reached skill level 6 in Staves
  2621 | D:5      | Reached skill level 1 in Evocations
  2621 | D:5      | Reached XP level 8. HP: 61/63 MP: 11/11
  2640 | D:5      | Identified the +0 leather armour of Usanus {Str+5}
  2684 | D:5      | Reached skill level 1 in Ranged Weapons
  2708 | D:5      | Slain by an ogre

Illustrated notes

Levels and vault maps discovered:
D:1:      scummos_arrival_simple_fountains, layout_loops_ring,
          hangedman_feature_mirror, nicolae_grassy_gnolls
D:2:      layout_basic, hellmonk_ecumenical_altar_run_dry,
          amcnicky_mini_pool_small, st_stairs_14
D:3:      layout_basic
D:4:      layout_loops_cross, gup_sewer_entry_glass
D:5:      layout_gridville, nicolae_kikubaaqudgha_miasma_corner,
          minmay_temple_entry_crystal_x, serial_shops, shop, grunt_ministairs_9,
          hangedman_decor_lopped, minmay_bent, uniq_prince_ribbit1

Skill      XL: |  1  2  3  4  5  6  7  8 |
---------------+-------------------------+-----
Staves         | 4 5 6 |  6.4
Dodging        | 4 |  4.7
Armour         | 1 2 3 |  3.1
Throwing       | 3 |  3.7
Stealth        | 1 |  1.5
Fighting       | 3 |  3.5
Spellcasting   | 1 |  1.9
Hexes          | 1 |  1.8
Evocations     | 1 |  1.2
Ranged Weapons | 1 |  1.0

Action                     |  1- 3 |  4- 6 |  7- 9 || total
---------------------------+-------+-------+-------++-------
  Melee: Quarterstaff      |    65 |   114 |    64 ||   243
   Fire: Arbalest          |       |       |    14 ||    14
  Throw: Throwing net      |       |     2 |       ||     2
         Dart              |       |       |     4 ||     4
  Evoke: Wand              |       |       |     1 ||     1
    Use: Scroll            |     1 |    10 |     1 ||    12
         Potion            |       |     5 |       ||     5
 Armour: Leather armour    |    20 |    47 |       ||    67
         Troll leather arm |       |     1 |    18 ||    19
  Dodge: Dodged            |    32 |    75 |    45 ||   152
